 Dungeon Crawl Stone Soup version 0.20-a0-950-g92a50c4 (webtiles) character file.

8139 Dipster the Stickfighter (level 11, -1/85 HPs)
             Began as a Minotaur Gladiator on Apr 4, 2017.
             Was a Follower of Wu Jian.
             Slain by a death yak (14 damage)
             ... on level 8 of the Dungeon.
             The game lasted 00:17:11 (10319 turns).

Dipster the Stickfighter (Minotaur Gladiator)      Turns: 10319, Time: 00:17:12

Health: -1/85      AC: 10    Str: 18    XL:     11   Next: 6%
Magic:  10/10      EV: 20    Int:  5    God:    Wu Jian [*.....]
Gold:   628        SH:  0    Dex: 21    Spells: 10/10 levels left

rFire    . . .     SeeInvis +   a - +1 quarterstaff
rCold    . . .     Gourm    .   (shield currently unavailable)
rNeg     . . .     Faith    .   E - +3 leather armour {rPois}
rPois    +         Spirit   .   c - +0 hat
rElec    .         Reflect  .   C - +0 cloak
rCorr    .         Harm     .   i - +2 pair of gloves
MR       .....                  (no boots)
Stlth    +++.......             (no amulet)
Regen    0.3/turn               O - ring of see invisible
MPRegen  0.2/turn               (no ring)

@: agile
A: retaliatory headbutt, horns 2
a: Renounce Religion


You were on level 8 of the Dungeon.
You worshipped Wu Jian.
Wu Jian was aware of your devotion.
You were not hungry.

You visited 2 branches of the dungeon, and saw 10 of its levels.
You also visited: Ossuary.

You collected 628 gold pieces.

Inventory:

Hand Weapons
 a - a +1 quarterstaff (weapon)
 t - a +0 blowgun
Missiles
 d - 2 throwing nets (quivered)
 k - 4 curare-tipped needles
 r - 34 poisoned needles
 w - 16 tomahawks
 S - 3 poisoned tomahawks
Armour
 b - a +0 leather armour
 c - a +0 hat (worn)
 g - a +0 ring mail
 i - a +2 pair of gloves (worn)
 l - a +0 leather armour of cold resistance
 C - a +0 cloak (worn)
 E - a +3 leather armour of poison resistance (worn)
 M - a +0 plate armour
 P - the +2 robe of Utzeufoch {rElec, unknown}
   (You found it on level 9 of the Dungeon)

   It insulates you from electricity.
Magical Staves
 G - an uncursed staff of energy
Jewellery
 O - a ring of see invisible (left hand)
 U - a +2 ring of strength {unknown}
Wands
 q - a wand of digging (14/24)
 D - a wand of confusion (1/48)
 Q - a wand of lightning (8/15)
 R - a wand of random effects (25/48)
Scrolls
 h - 5 scrolls of teleportation
 n - a scroll of magic mapping
 v - a scroll of fog
 y - a scroll of holy word {unknown}
 z - a scroll of random uselessness {unknown}
 B - 7 scrolls of remove curse
 F - a scroll of noise {unknown}
 N - 2 scrolls of immolation {unknown}
 T - a scroll of recharging {unknown}
 V - a scroll of blinking
Potions
 e - 2 potions of brilliance
 j - a potion of agility
 m - a potion of resistance
 x - a potion of mutation
 H - a potion of haste
 I - 2 potions of lignification
 J - a potion of flight
Books
 L - a book of Misfortune

   Spells                             Type                      Level
   a - Confusing Touch                Hexes                        1
   b - Confuse                        Hexes                        3
   c - Gell's Gravitas                Translocation                3
   d - Petrify                        Transmutation/Earth          4
   e - Metabolic Englaciation         Hexes/Ice                    5
   f - Yara's Violent Unravelling     Hexes/Transmutation          5
Comestibles
 f - 2 bread rations
 s - 7 fruits
 u - 4 royal jellies
 A - a meat ration


   Skills:
 * Level 4.5 Fighting
 - Level 18.1 Staves
 - Level 2.0 Throwing
 * Level 3.8 Armour
 + Level 4.1 Dodging


You had 10 spell levels left.
You didn't know any spells.

Dungeon Overview and Level Annotations

Branches:
Dungeon (9/15)             Temple (1/1) D:7
   Lair: D:8-11         Orc: D:9-12

Altars:
Ashenzari
Cheibriados
Dithmenos
Elyvilon
Fedhas
Gozag
Hepliaklqana
Kikubaaqudgha
Makhleb
Nemelex Xobeh
Okawaru
Qazlal
Ru
Sif Muna
Trog
Uskayaw
Vehumet
Wu Jian
Xom
Yredelemnul
Zin
The Shining One

Shops:
D:5 (   D:9 (


Innate Abilities, Weirdness & Mutations

You reflexively headbutt those who attack you in melee.
You have a pair of horns on your head.


Message History

You hit the death yak but do no damage.
The death yak is moderately wounded.
You sock the death yak!
The death yak is moderately wounded.
The death yak gores you!
You feel better.
The death yak gores you but does no damage.
You feel agile all of a sudden. The death yak gores you!
You sock the death yak!
You headbutt the death yak, but do no damage.
The death yak is heavily wounded.
You hit the death yak.
The death yak is heavily wounded.
The death yak gores you!
* * * LOW HITPOINT WARNING * * *
You sock the death yak!
The death yak is severely wounded.
The death yak gores you!
You die...

###### ### ####....### #.#
##........### #.# #...........##
#@# #............###Y# ###
............#.##O# #######.#
.........<....##.####.......#
........<.....##รท.##..##....##
......>.......##.....###.....####
..............###....##...##.....
..............###........####....
..........[....#........## #####


You could see a death yak and a two-headed ogre.

Vanquished Creatures
  Erica (D:9)
  A two-headed ogre (D:9)
  2 death yaks
  Pikel (D:7)
  2 hippogriffs (D:8)
  5 yaks (D:8)
  A wyvern (D:8)
  A steam dragon (D:8)
  A water moccasin (D:7)
  Duvessa (D:7)
  A porcupine (D:9)
  A sky beast (D:7)
  An orc warrior (D:8)
  A black bear (D:8)
  A necrophage (D:4)
  An ogre (D:7)
  4 centaurs
  3 phantoms
  3 elf skeletons (D:6)
  5 bullfrogs
  3 elf zombies
  Dowan (D:7)
  2 scorpions
  A howler monkey (D:5)
  2 crimson imps
  2 centaur zombies (Ossuary)
  3 hounds
  4 human zombies
  2 jellies
  3 orc priests
  A bullfrog skeleton (D:8)
  4 orc wizards
  A centaur skeleton (D:5)
  4 human skeletons (D:6)
  Ijyb (D:4)
  2 iguanas
  A hell rat (D:8)
  6 worker ants
  2 big kobold zombies (Ossuary)
  A hound skeleton (D:6)
  3 hound zombies
  3 mummies (Ossuary)
  Robin (D:2)
  12 adders
  11 gnolls
  A river rat (D:8)
  2 shadow imps
  An ooze (D:4)
  5 adder zombies (Ossuary)
  5 worms
  A dart slug (D:1)
  3 leopard geckos
  23 orcs
  A ball python (D:3)
  10 bats
  5 giant cockroaches
  15 goblins
  10 hobgoblins
  7 jackals
  4 quokkas
  6 frilled lizards
  2 gnoll zombies (Ossuary)
  3 goblin zombies (Ossuary)
  2 hobgoblin zombies (Ossuary)
  5 jackal zombies (Ossuary)
  6 kobolds
  2 kobold zombies (Ossuary)
  A leopard gecko skeleton (D:6)
  2 orc skeletons (D:6)
  An orc zombie (Ossuary)
  A quokka zombie (Ossuary)
  6 rats
  6 rat zombies (Ossuary)
249 creatures vanquished.

Vanquished Creatures (others)
  2 slaves (D:7)
  2 adders (D:7)
4 creatures vanquished.

Grand Total: 253 creatures vanquished

Notes
Turn   | Place    | Note
-------+----------+-------------------------------------------
     0 | D:1      | Dipster the Minotaur Gladiator began the quest for the Orb.
     0 | D:1      | Reached XP level 1. HP: 18/18 MP: 0/0
    73 | D:1      | Reached skill level 4 in Staves
    91 | D:1      | Reached XP level 2. HP: 20/25 MP: 1/1
   101 | D:1      | Found a sparkling altar of Nemelex Xobeh.
   559 | D:2      | Reached skill level 5 in Staves
   724 | D:2      | Found a burning altar of Makhleb.
   765 | D:2      | Reached XP level 3. HP: 18/30 MP: 2/2
  1025 | D:2      | Noticed Robin
  1030 | D:2      | Killed Robin
  1122 | D:2      | Found a white marble altar of Elyvilon.
  1200 | D:2      | Reached skill level 6 in Staves
  1200 | D:2      | Reached XP level 4. HP: 37/37 MP: 3/3
  1807 | D:3      | Reached XP level 5. HP: 30/42 MP: 4/4
  1987 | D:2      | Reached skill level 7 in Staves
  2406 | D:4      | Reached skill level 8 in Staves
  2660 | D:4      | Reached XP level 6. HP: 43/50 MP: 5/5
  2831 | D:4      | Noticed Ijyb
  2856 | D:4      | Killed Ijyb
  2856 | D:4      | Reached skill level 9 in Staves
  3445 | D:5      | Entered Level 5 of the Dungeon
  3521 | D:5      | Reached XP level 7. HP: 55/56 MP: 6/6
  3671 | D:5      | Found Irhoruaq's Weapon Shop.
  3674 | D:5      | Reached skill level 10 in Staves
  4187 | D:6      | Reached skill level 11 in Staves
  4202 | D:6      | Found a sand-covered staircase.
  4237 | Ossuary  | Entered an ossuary
  4293 | Ossuary  | Reached XP level 8. HP: 62/62 MP: 7/7
  4423 | Ossuary  | Reached skill level 12 in Staves
  4608 | D:6      | Reached skill level 13 in Staves
  4656 | D:6      | Found a bloodstained altar of Trog.
  4929 | D:6      | Found a deep blue altar of Sif Muna.
  5191 | D:6      | Reached XP level 9. HP: 65/68 MP: 8/8
  5257 | D:7      | Noticed Duvessa
  5259 | D:7      | Noticed Dowan
  5272 | D:7      | Killed Duvessa
  5280 | D:7      | Killed Dowan
  5280 | D:7      | Reached skill level 14 in Staves
  5342 | D:7      | Noticed Pikel
  5353 | D:7      | Killed Pikel
  5465 | D:7      | Reached skill level 15 in Staves
  5493 | D:7      | Found a staircase to the Ecumenical Temple.
  5541 | Temple   | Entered the Ecumenical Temple
  5665 | Temple   | Became a worshipper of the Wu Jian Council
  5961 | D:7      | Found a snail-covered altar of Cheibriados.
  6764 | D:8      | Reached skill level 16 in Staves
  7230 | D:8      | Reached * piety under Wu Jian
  7256 | D:8      | Found an ancient bone altar of Kikubaaqudgha.
  7517 | D:8      | Reached XP level 10. HP: 43/74 MP: 9/9
  8091 | D:9      | Noticed a two-headed ogre
  8104 | D:9      | Killed a two-headed ogre
  8104 | D:9      | Reached skill level 17 in Staves
  8126 | D:9      | Noticed Erica
  8493 | D:9      | Found Gubev's Weapon Shop.
  8496 | D:9      | Got a slimy robe
  8528 | D:9      | Killed Erica
  8822 | D:9      | Noticed a death yak
  8822 | D:9      | Noticed a death yak
  8822 | D:9      | Noticed a two-headed ogre
  8926 | D:8      | Reached skill level 18 in Staves
  9496 | D:9      | Found a sparkling altar of Nemelex Xobeh.
  9570 | D:9      | Noticed a death yak
  9753 | D:6      | Killed a death yak
 10034 | D:8      | Killed a death yak
 10034 | D:8      | Reached XP level 11. HP: 40/85 MP: 10/10
 10319 | D:8      | Slain by a death yak

Vault maps used:
D:1:      minmay_arrival_cross, nemelex_xobeh_ov_fountains_minmay
D:2:      bloody_makhleb, lemuel_doored_altar, uniq_robin
D:4:      kennysheep_goblin_castle, first_bread, minmay_misc_feat_chi,
          grunt_decor_arrowhead, kennysheep_cross_room, serial_bayou_pond_e
D:5:      serial_shops, nicolae_shop_stone
D:6:      lemuel_crystal_altar, nicolae_overflow_crystal_walls,
          nicolae_ossuary_entry_catacombs
D:7:      cheibrodos_worm_habitat, minmay_temple_entry_water_ring,
          serial_curves, eino_curves_03, eino_curves_04, uniq_duvessa,
          uniq_pikel
D:8:      kennysheep_mini
D:9:      kennysheep_little_box, dpeg_lair_monsters, serial_shops, shop, shop,
          uniq_erica
Temple:   regret_index_temple_waves
Ossuary:  minmay_ossuary_two_tombs

Skill      XL: |  1  2  3  4  5  6  7  8  9 10 |
---------------+-------------------------------+-----
Staves         | 4 5 6 8 9 11 13 16 18 | 18.1
Fighting       | 4 |  4.5
Armour         | 3 |  3.8
Dodging        | 4 |  4.1
Throwing       | |  2.0

Action                   |  1- 3 |  4- 6 |  7- 9 | 10-12 || total
-------------------------+-------+-------+-------+-------++-------
Melee: Quarterstaff      |    91 |   135 |   429 |   145 ||   800
       Headbutt          |    16 |    23 |    97 |    41 ||   177
Throw: Throwing net      |       |       |     1 |       ||     1
  Use: Scroll            |       |     3 |    12 |     4 ||    19
       Potion            |       |       |     3 |     7 ||    10
 Stab: Sleeping          |     1 |     1 |     2 |     1 ||     5
       Distracted        |       |       |     1 |       ||     1
       Held in net/web   |       |       |     1 |       ||     1
       Invisible         |       |       |       |     5 ||     5
  Eat: Chunk             |     1 |     7 |     8 |     3 ||    19
       Bread ration      |       |       |     1 |       ||     1
       Meat ration       |       |       |       |     2 ||     2
Armor: Leather armour    |    23 |    48 |   102 |    34 ||   207
Dodge: Dodged            |    45 |   106 |   180 |    69 ||   400
